AoeStats
← Scotch_Bonnet

Enclosed

506877852Analyzed
1v1 RM · 15d ago on Sep 15, 2026· 20m 47s· 2 players
Game mode
Random Map
Map size
Tiny (2 player)
Population
200
Speed
Normal
Resources
Standard
Victory
Conquest
Starting age
Dark Age
Ending age
Imperial Age
RankedLock teamsTeams togetherTeam positionsShared explorationLock speedFull tech treeHidden civsTurbo modeCheats
Victory
Defeat
🇨🇳 Franks · China
998
+16
🇬🇧 Mongols · United Kingdom
1000
-48
行云流水
2:59 Loom
11:26 Feudal Age
12:56 Double-Bit Axe
17:33 Castle Age
16:54 Scale Barding Armor
18:09 Gold Mining
Scotch_Bonnet
13:51 Feudal Age
19:17 Loom
Connection lost

Rejoining the realm…

Still unreachable

The connection could not be restored.

Session expired

The server has moved on; the page needs a fresh start.